 Dungeon Crawl Stone Soup version 0.25-a0-734-g73332aeda9 (webtiles) character file.

Game seed: 14240499912090268034, levelgen mode: deterministic

67 kae the Ruffian (level 3, -4/28 HPs)
             Began as a Draconian Transmuter on Apr 10, 2020.
             Slain by a gnoll
             ... wielding a +0 spear
              (8 damage)
             ... on level 2 of the Dungeon.
             The game lasted 00:01:00 (1200 turns).

kae the Ruffian (Draconian Transmuter)              Turns: 1200, Time: 00:01:00

Health: -4/28      AC:  5    Str: 13    XL:     3   Next: 98%
Magic:  4/6        EV: 12    Int: 13    God:
Gold:   106        SH:  0    Dex: 11    Spells: 4/7 levels left

rFire    . . .     SeeInvis .     - Unarmed
rCold    . . .     Gourm    .   (no shield)
rNeg     . . .     Faith    .   (armour unavailable)
rPois    .         Spirit   .   (helmet restricted)
rElec    .         Reflect  .   (no cloak)
rCorr    .         Harm     .   (no gloves)
MR       .....                  (no boots)
Stlth    +.........             (no amulet)
HPRegen  0.09/turn              (no ring)
MPRegen  0.10/turn              (no ring)

@: no status effects
A: unfitting armour, cold-blooded, AC +5
a: no special abilities


You were on level 2 of the Dungeon.
You were hungry.

You visited 1 branch of the dungeon, and saw 2 of its levels.

You collected 106 gold pieces.

Inventory:

Missiles
 a - 8 arrows
Jewellery
 d - a +3 ring of protection
Scrolls
 b - a scroll of remove curse
Comestibles
 c - 3 rations


   Skills:
 - Level 1.1 Fighting
 - Level 1.7 Dodging
 * Level 4.0 Unarmed Combat
 + Level 2.6 Spellcasting
 + Level 2.6 Transmutations


You had 4 spell levels left.
You knew the following spells:

 Your Spells              Type           Power        Failure   Level  Hunger
a - Beastly Appendage     Tmut           #.....       8%          1    #......
b - Sticks to Snakes      Tmut           #.......     12%         2    ###....

Your spell library contained the following spells:

 Spells                   Type           Power        Failure   Level  Hunger
 Spider Form              Tmut/Pois      #.........   38%         3    ###....
 Ice Form                 Ice/Tmut       #.......     80%         4    #####..
 Blade Hands              Tmut           #.........   91%         5    ######.


Dungeon Overview and Level Annotations

Branches:
Dungeon (2/15)

Altars:


Innate Abilities, Weirdness & Mutations

Your plain brown scales are hard. (AC +5)
You cannot fit into any form of body armour.
You are cold-blooded and may be slowed by cold attacks.


Message History

Found a hand axe.
Your adder bites the gnoll but does no damage.
Found a stone staircase leading down.
A hobgoblin comes into view. It is wielding a +0 club.
The hobgoblin shouts!
Your adder bites the gnoll.
The hobgoblin closely misses you.
You hit the hobgoblin.
The hobgoblin is severely wounded.
The hobgoblin completely misses you.
You closely miss the hobgoblin.
The hobgoblin is severely wounded.
A bat comes into view.
Your adder bites the gnoll but does no damage.
The hobgoblin hits you but does no damage.
The bat moves out of view.
You barely miss the hobgoblin.
The hobgoblin is severely wounded.
The gnoll hits you from afar with a +0 spear!
You die...

#..###..#
####.###..#
#.....##..#
#.....##..#
#.....##..#
#....S#
#....g##
#......#
#....#@#
#....#g#
######..
##). .>#
#.# .# .#


You could see a gnoll, a hobgoblin and a friendly adder.

Vanquished Creatures
  2 gnolls (D:2)
  2 adders (D:2)
  An ooze (D:1)
  2 hobgoblins (D:1)
  2 kobolds (D:1)
  2 quokkas (D:2)
  2 bats (D:1)
  2 frilled lizards (D:1)
  2 goblins
  7 rats
24 creatures vanquished.

Vanquished Creatures (collateral kills)
  A gnoll (D:2)
1 creature vanquished.

Grand Total: 25 creatures vanquished

Notes
Turn   | Place    | Note
-------+----------+-------------------------------------------
     0 | D:1      | kae the Draconian Transmuter began the quest for the Orb.
     0 | D:1      | Reached XP level 1. HP: 16/16 MP: 3/3
    87 | D:1      | Reached XP level 2. HP: 17/23 MP: 3/5
   990 | D:2      | Reached XP level 3. HP: 16/28 MP: 4/6
  1130 | D:2      | Learned a level 2 spell: Sticks to Snakes
  1138 | D:2      | HP: 1/28 [gnoll/cursed +0 spear (6)]
  1158 | D:2      | Reached skill level 4 in Unarmed Combat
  1200 | D:2      | Slain by a gnoll

Levels and vault maps discovered:
D:1:      minmay_arrival_jagged, layout_basic, serial_rivers,
          chequers_serial_rivers_large_b, chequers_serial_rivers_room_a,
          chequers_serial_rivers_large_a, chequers_serial_rivers_micro_c,
          chequers_serial_rivers_small_3
D:2:      layout_basic, first_ration, minmay_hedge_maze, xom_redecorated,
          uniq_sigmund

Skill      XL: |  1  2  3 |
---------------+----------+-----
Unarmed Combat | 4 |  4.0
Fighting       | |  1.1
Dodging        | |  1.7
Spellcasting   | |  2.6
Transmutations | |  2.6

Action                   || total
-------------------------++-------
Melee: Unarmed           ||    79
       Headbutt          ||     1
       Tailslap          ||     1
       Kick              ||     8
       Punch             ||     1
 Cast: Beastly Appendage ||     9
       Sticks to Snakes  ||     4
  Use: Scroll            ||     5
       Potion            ||     1
 Stab: Sleeping          ||     1
  Eat: Chunk             ||     1
Armor: Skin              ||    16
Dodge: Dodged            ||    54

Table legend:
 A = Non-vault XP
 B = Vault XP
 C = Vault XP percentage of total XP
 D = Non-vault monster count
 E = Vault monster count
 F = Vault count percentage of total count
                 A         B        C        D         E       F
            +---------+---------+-------+---------+---------+-------
      Total |      96 |       0 |   0.0 |      25 |       0 |   0.0
            +---------+---------+-------+---------+---------+-------
        D:1 |      24 |       0 |   0.0 |      15 |       0 |   0.0
        D:2 |      72 |       0 |   0.0 |      10 |       0 |   0.0
            +---------+---------+-------+---------+---------+-------
